 Dungeon Crawl Stone Soup version 0.18.1-47-g9310371 (webtiles) character file.

29 Gargoyl the Skirmisher (level 3, -2/29 HPs)
             Began as a Demonspawn Abyssal Knight on June 14, 2016.
             Was a Follower of Lugonu.
             Killed from afar by a dart slug (5 damage)
             ... with a slug dart
             ... on level 1 of the Dungeon.
             The game lasted 00:02:10 (1538 turns).

Gargoyl the Skirmisher (Demonspawn Abyssal Knight)  Turns: 1538, Time: 00:02:10

Health: -2/29      AC:  4    Str: 13    XL:     3   Next: 1%
Magic:  0/4        EV: 11    Int: 13    God:    Lugonu [*.....]
Gold:   10         SH:  0    Dex: 12    Spells: 0 memorised, 2 levels left

rFire  . . .     SeeInvis .     a - +1 hand axe
rCold  . . .     Gourm    .     b - +0 leather armour
rNeg   . . .     Faith    .     (no shield)
rPois  .         Spirit   +     f - +0 helmet
rElec  .         Dismiss  .     (no cloak)
rCorr  .         Reflect  .     (no gloves)
SustAt .         Harm     .     (no boots)
MR     .....                    (no amulet)
Stlth  +.........               (no ring)
                                e - ring of wizardry

@: not resistant to hostile enchantments, very unstealthy
A: magic shield
a: Depart the Abyss, Renounce Religion


You were on level 1 of the Dungeon.
You worshipped Lugonu.
Lugonu was aware of your devotion.
You were not hungry.

You visited 1 branch of the dungeon, and saw 1 of its levels.
You visited the Abyss 1 time.

You collected 10 gold pieces.

Inventory:

Hand Weapons
 a - a +1 hand axe (weapon)
Armour
 b - a +0 leather armour (worn)
 f - a +0 helmet (worn)
Jewellery
 e - a ring of wizardry (left hand)
Scrolls
 j - a scroll of teleportation {unknown}
 k - a scroll of fog {unknown}
Potions
 d - 2 potions of heal wounds {unknown}
 g - a potion of haste {unknown}
 i - a potion of brilliance {unknown}
Comestibles
 c - a bread ration


   Skills:
 + Level 3.4 Fighting
 + Level 1.8 Axes
 * Level 2.4 Armour
 + Level 1.2 Dodging
 + Level 0.2 Stealth
 + Level 2.4 Invocations


You had 2 spell levels left.
You didn't know any spells.

Dungeon Overview and Level Annotations

Branches:
Dungeon (1/15)

Altars:


Innate Abilities, Weirdness & Mutations

When hurt, damage is shared between your health and your magic reserves.


Message History

The dart slug bites you but does no damage.
The dart slug bites you.
* * * LOW HITPOINT WARNING * * *
The dart slug launches a dart at you. The slug dart misses you.
The dart slug barely misses you. The dart slug barely misses you.
The dart slug barely misses you.
The dart slug bites you but does no damage.
The dart slug barely misses you. The dart slug launches a dart at you.
The slug dart misses you. The dart slug closely misses you.
The dart slug closely misses you. The dart slug launches a dart at you.
The slug dart hits you!
* * * LOW HITPOINT WARNING * * *
The dart slug launches a dart at you. The slug dart hits you!
You die...

### ... ###########
#.## #..........
...#######
#..#######.
#..#....# #....#
#..#####......#
#.##.# #...w@......#
#.##.# ########....#
#.##.## #...#####
#.##.)#######
##.......#
..###.......#
####..#.###.# ..#
######..###.....#.#
..# #.#....###.#.# #
#.# ##...######.#.#
.# #.#
###..###...##†#.#..#


You could see a dart slug.

Vanquished Creatures
  2 giant cockroaches (D:1)
  2 goblins (D:1)
  4 hobgoblins (D:1)
  6 jackals (D:1)
  A kobold (D:1)
  5 bats (D:1)
  3 giant newts (D:1)
  4 rats (D:1)
27 creatures vanquished.

Vanquished Creatures (others)
  A giant cockroach (D:1)
1 creature vanquished.

Grand Total: 28 creatures vanquished

Notes
Turn   | Place    | Note
--------------------------------------------------------------
     0 | Abyss:1  | Gargoyl the Demonspawn Abyssal Knight began the quest for the Orb.
     0 | Abyss:1  | Reached XP level 1. HP: 18/18 MP: 2/2
    33 | Abyss:1  | Noticed an ancient zyme
    50 | Abyss:1  | Noticed a small abomination
    58 | Abyss:1  | Noticed an eye of draining
    73 | Abyss:1  | Noticed a green very ugly thing
    87 | D:1      | Escaped the Abyss
   433 | D:1      | Reached skill level 1 in Dodging
   760 | D:1      | Gained mutation: When hurt, damage is shared between your health and your magic reserves. [demonic ancestry]
   760 | D:1      | Reached XP level 2. HP: 18/24 MP: 3/3
   771 | D:1      | Reached * piety under Lugonu
  1418 | D:1      | Reached XP level 3. HP: 29/29 MP: 4/4
  1538 | D:1      | Killed from afar by a dart slug

Skill      XL: |  1 |
---------------+----+-----
Dodging        | 1 |  1.2
Armour         | 2 |  2.4
Fighting       | |  3.4
Axes           | |  1.8
Stealth        | |  0.2
Invocations    | |  2.4

Action                   || total
-------------------------++-------
Melee: Hand axe          ||    81
Invok: Depart the Abyss  ||     1
  Eat: Chunk             ||     2
Armor: Leather armour    ||    86
Dodge: Dodged            ||   161
